 Dungeon Crawl Stone Soup version 0.19.5 (webtiles) character file.

98165 Inarius the Bludgeoner (level 15, -9/165 HPs)
             Began as a Minotaur Fighter on May 18, 2017.
             Was the Champion of Trog.
             Killed from afar by Nikola (29 damage)
             ... with a chain lightning
             ... on level 1 of the Shoals.
             The game lasted 01:40:27 (29636 turns).

Inarius the Bludgeoner (Minotaur Fighter)          Turns: 29636, Time: 01:40:27

Health: -9/165     AC: 26    Str: 26    XL:     15   Next: 74%
Magic:  23/23      EV: 14    Int: 17    God:    Trog [******]
Gold:   1614       SH: 20    Dex: 20    Spells: 0 memorised, 14 levels left

rFire  + + +     SeeInvis .     a - +3 eveningstar (holy)
rCold  . . .     Gourm    .     n - +0 plate armour of Untold Secrets {rF+ MP+9 Int+6 Slay+2}
rNeg   . . .     Faith    .     Q - +5 shield {AC+3}
rPois  +         Spirit   .     (helmet restricted)
rElec  .         Reflect  .     z - +1 cloak of the Arcane {+Blink rPois Str+2 Int+2}
rCorr  .         Harm     .     D - +1 pair of gloves of Luaho Xyoli {Dex+7}
MR     +....                    (no boots)
Stlth  ..........               (no amulet)
                                V - +1 ring of evasion
                                E - ring of protection from fire

@: no status effects
A: retaliatory headbutt, horns 2, repulsion field 1, yellow scales 1, blink,
clever 2, fire resistance 1, robust 2
a: Blink, Berserk, Trog's Hand, Brothers in Arms, Burn Spellbooks, Renounce
Religion, Evoke Blink


You were on level 1 of the Shoals.
You worshipped Trog.
Trog was exalted by your worship.
You were not hungry.

You visited 4 branches of the dungeon, and saw 24 of its levels.
You also visited: Bailey.

You collected 2378 gold pieces.
You spent 764 gold pieces at shops.

Inventory:

Hand Weapons
 a - a +3 eveningstar of holy wrath (weapon)
 b - a +2 hunting sling of velocity
 c - a +3 rapier of speed
 t - the +4 mace "Tyq Lix" {flame, rElec Int+4}
   (You found it on level 15 of the Dungeon)

   It has been specially enchanted to burn those struck by it, causing extra
   injury to most foes and up to half again as much damage against particularly
   susceptible opponents.
   It affects your intelligence (+4).
   It insulates you from electricity.
Missiles
 L - 81 sling bullets
Armour
 n - the +0 plate armour of Untold Secrets (worn) {rF+ MP+9 Int+6 Slay+2}
   (You found it in a bailey)

   It affects your intelligence (+6).
   It affects your accuracy and damage with ranged weapons and melee attacks
   (+2).
   It protects you from fire.
   It affects your magic capacity (+9).
 z - the +1 cloak of the Arcane (worn) {+Blink rPois Str+2 Int+2}
   (You bought it in a shop on level 2 of the Orcish Mines)

   It affects your strength (+2).
   It affects your intelligence (+2).
   It protects you from poison.
   It lets you blink.
 D - the +1 pair of gloves of Luaho Xyoli (worn) {Dex+7}
   (You bought it in a shop on level 2 of the Orcish Mines)

   It affects your dexterity (+7).
 Q - a +5 shield of protection (worn)
Jewellery
 E - a ring of protection from fire (left hand)
 F - an uncursed ring of fire {unknown}
 V - a +1 ring of evasion (right hand)
Wands
 h - a wand of acid (7/15)
 l - a wand of iceblast (6/15)
 s - a wand of disintegration (10/24)
 w - a wand of lightning (7/15)
 y - a wand of paralysis (17/24)
 B - a wand of slowing (35/48)
 O - a wand of flame (27/48)
 W - a wand of paralysis (15/24)
 X - a wand of teleportation (5/9)
 Y - a wand of random effects (31/48)
Scrolls
 d - 4 scrolls of teleportation
 k - a scroll of noise
 o - a scroll of vulnerability
 p - 6 scrolls of blinking
 q - 4 scrolls of fear
 v - 8 scrolls of remove curse
 x - 5 scrolls of immolation
 N - a scroll of recharging
 R - a scroll of magic mapping
Potions
 e - 4 potions of heal wounds {unknown}
 i - 4 potions of lignification
 m - 8 potions of agility
 u - a potion of resistance
 A - 13 potions of curing
 C - 3 potions of haste
 G - 3 potions of cancellation
 J - 4 potions of flight
 K - 2 potions of brilliance
 P - a potion of invisibility
 S - 2 potions of cure mutation
 T - 2 potions of might
 Z - 2 potions of ambrosia
Books
 U - a book of Misfortune

   Spells                             Type                      Level
   a - Confusing Touch                Hexes                        1
   b - Confuse                        Hexes                        3
   c - Gell's Gravitas                Hexes/Translocation          3
   d - Petrify                        Transmutation/Earth          4
   e - Metabolic Englaciation         Hexes/Ice                    5
   f - Yara's Violent Unravelling     Hexes/Transmutation          5
   Trog disapproves of the use of such an item.
Comestibles
 f - 4 bread rations
 g - 12 beef jerkies
 j - 12 meat rations
 r - 4 chunks of flesh
 H - a slice of pizza
 I - 37 fruits
 M - 8 royal jellies


   Skills:
 + Level 14.3 Fighting
 + Level 12.4 Short Blades
   Level 2.5(11.5) Axes
 + Level 15.2(15.3) Maces & Flails
   Level 7.9(8.1) Polearms
 + Level 14.3 Armour
 + Level 5.2 Dodging
 - Level 1.0 Stealth
 - Level 15.0 Shields
 - Level 1.0 Evocations


You had 14 spell levels left.
You didn't know any spells.

Dungeon Overview and Level Annotations

Branches:
Dungeon (15/15)            Temple (0/1) D:6            Lair (6/6) D:9
 Shoals (1/4) Lair:2        Snake (0/4) Lair:4        Slime (0/5) Lair:5
    Orc (2/2) D:12            Elf (0/3) Orc:2        Vaults (0/5) D:13
 Depths (0/5) D:15

Altars:
Ashenzari
Elyvilon
Fedhas
Gozag
Kikubaaqudgha
Makhleb
Okawaru
Qazlal
Ru
Trog
Vehumet
Xom
Yredelemnul
The Shining One

Shops:
D:4 %   Orc:1 [   Orc:2 (*[=

Annotations:
Shoals:1 exclusion: Roxanne, Nikola, Roxanne


Innate Abilities, Weirdness & Mutations

You reflexively headbutt those who attack you in melee.
You have a pair of horns on your head.
You are surrounded by a mild repulsion field. (EV +2)
You are partially covered in yellow scales. (AC +2)
You can translocate small distances at will.
Your mind is very acute. (Int +4)
Your flesh is heat resistant. (rF+)
You are very robust. (+20% HP)


Message History

The orb of energy hits you!
The orb of energy explodes!
A dream sheep comes into view.
The dream sheep bleats!
You hear a shout!
You hit Roxanne but do no damage. You headbutt Roxanne.
Roxanne is heavily damaged.
Your unstable footing causes you to fumble your attack.
Roxanne casts a spell.
The iron shot hits you!
* * * LOW HITPOINT WARNING * * *
The dream sheep shake their wool and sparkle.
You feel drowsy...
You fall asleep.
Nikola the Mad Inventor comes into view.
He is wielding a rapier of electrocution.
Roxanne mumbles some strange words.
The iron shot hits you!
You wake up.
* * * LOW HITPOINT WARNING * * *
Nikola yells, "Danger!
Danger!
High voltage!"
Nikola mumbles some strange words.
You hear a mighty clap of thunder!
The lightning arc hits you!
You die...

≈≈≈≈≈≈≈≈≈≈≈≈≈≈≈
≈≈≈≈≈≈@≈≈≈≈≈≈≈≈
≈≈≈≈≈≈≈≈≈≈≈≈≈≈≈
≈≈≈≈≈≈≈≈≈≈≈≈≈≈≈
≈≈≈≈≈≈≈≈≈≈≈≈≈≈≈
≈≈≈≈≈≈≈≈≈≈≈≈≈≈≈
≈≈≈≈≈≈≈≈≈≈≈≈≈≈≈
≈≈≈≈≈≈≈≈≈≈≈≈(≈≈≈≈≈≈≈
≈≈≈≈≈≈≈≈≈≈≈≈≈≈@≈≈≈≈≈≈≈
≈≈≈≈≈≈≈≈≈≈≈≈....8(≈≈≈≈≈
≈≈≈≈≈≈≈≈≈≈?......C≈Y≈≈≈
≈≈≈≈≈≈≈≈...............
≈≈≈≈≈≈≈...........Y.Y>.
≈≈≈≈≈≈≈.............(..
≈≈≈≈≈≈≈≈.............%.
≈≈≈≈≈≈≈≈<...$.........≈
≈≈≈≈≈≈≈.(.........


You could see Nikola, Roxanne, a cyclops and 3 dream sheep.

Vanquished Creatures
  Rupert (D:12)
  Gastronok (D:8)
  An orc warlord (Orc:2)
  An ettin (D:15)
  Harold (D:11)
  3 centaur warriors (D:13)
  An ogre mage (D:15)
  2 catoblepae
  10 hydras
  6 death yaks (Lair:1)
  4 tengu warriors
  The ghost of juanjsm the Covert, a journeyman SpEn of Okawaru (D:11)
  4 orc high priests
  Nergalle (D:11)
  A hell knight (D:15)
  14 spriggans (Lair:6)
  The ghost of snowfan the Destroyer, a novice DEWz of Sif Muna (Lair:1)
  An unseen horror (D:15)
  A wizard (D:15)
  4 hill giants
  5 orc knights
  7 orc sorcerers
  A manticore (D:11)
  4 ugly things
  A manticore (shapeshifter) (D:13)
  2 oklob plants (Lair:4)
  3 cyclopes
  6 black mambas
  A black mamba (shapeshifter) (D:15)
  A siren (Lair:2)
  Joseph (D:8)
  7 elephants
  Maurice (D:8)
  8 spiny frogs
  2 gargoyles
  A rime drake (Lair:1)
  2 kobold demonologists
  7 komodo dragons
  5 yaktaurs (D:15)
  A freezing wraith (D:13)
  4 tengu conjurers
  3 trolls
  A meliai (shapeshifter) (D:13)
  A troll (shapeshifter) (D:15)
  3 merfolk (Lair:2)
  A queen bee (D:8)
  4 hornets
  3 two-headed ogres
  5 polar bears (Lair:6)
  A blink frog (shapeshifter) (D:14)
  A meliai zombie (D:11)
  13 hippogriffs
  8 blink frogs
  5 dream sheep (Lair:4)
  A centaur simulacrum (D:12)
  2 wraiths (D:11)
  Sigmund (D:6)
  A redback (Lair:6)
  2 wyverns
  A shadow (D:13)
  4 water elementals (D:13)
  51 yaks
  A naga (Lair:4)
  A soldier ant (shapeshifter) (D:13)
  2 soldier ants
  8 swamp worms (Lair:4)
  3 wargs
  A mottled dragon (D:15)
  11 water moccasins
  Duvessa (D:6)
  8 porcupines
  A swamp drake (D:12)
  36 orc warriors
  4 black bears
  2 necrophages
  4 sky beasts
  4 ice beasts
  2 phantoms
  4 boggarts (Lair:6)
  An eye of draining (D:10)
  24 wolves
  19 ogres
  18 centaurs
  15 crocodiles
  4 big kobolds
  Blork the orc (D:5)
  A wyvern zombie (D:14)
  22 bullfrogs
  Dowan (D:6)
  2 wyvern skeletons
  6 scorpions
  45 killer bees
  2 vampire bats (D:2)
  8 wights
  6 electric eels
  7 howler monkeys
  14 crimson imps
  3 bullfrog zombies
  5 jellies
  2 bullfrog skeletons
  2 centaur zombies
  10 hounds
  A quasit (D:9)
  Crazy Yiuf (D:7)
  12 orc priests
  5 centaur skeletons
  21 orc wizards
  An iguana (D:5)
  8 worker ants
  A hound zombie (D:7)
  A worker ant zombie (D:9)
  A howler monkey skeleton (D:10)
  13 gnolls
  13 adders
  4 shadow imps
  6 oozes
  An adder skeleton (D:4)
  13 worms
  5 leopard geckos
  89 orcs
  4 ball pythons
  6 bats
  5 bat skeletons (D:2)
  2 bat zombies (D:2)
  4 giant cockroaches
  11 goblins
  19 hobgoblins
  27 jackals
  4 quokkas
  3 frilled lizards
  16 kobolds
  A leopard gecko zombie (D:5)
  5 rats
  A fungus (D:11)
  A plant (Lair:4)
857 creatures vanquished.

Vanquished Creatures (others)
  A two-headed ogre (D:14)
  An orc warrior (D:7)
  A phantom (D:7)
  A bullfrog (Lair:5)
  An orc priest (D:7)
  An orc wizard (D:7)
  An orc (D:7)
  A quokka (D:6)
  21 fungi
  10 plants
39 creatures vanquished.

Grand Total: 896 creatures vanquished

Notes
Turn   | Place    | Note
-------+----------+-------------------------------------------
     0 | D:1      | Inarius the Minotaur Fighter began the quest for the Orb.
     0 | D:1      | Reached XP level 1. HP: 19/19 MP: 0/0
    23 | D:1      | Reached XP level 2. HP: 26/27 MP: 1/1
   223 | D:1      | Reached XP level 3. HP: 15/33 MP: 2/2
   647 | D:2      | Reached skill level 1 in Dodging
   733 | D:2      | Reached XP level 4. HP: 39/40 MP: 3/3
   811 | D:2      | Reached skill level 1 in Polearms
  1066 | D:2      | Found an opulent altar of Gozag.
  1066 | D:2      | Found a basalt altar of Yredelemnul.
  1072 | D:2      | Found a bloodstained altar of Trog.
  1095 | D:2      | Became a worshipper of Trog the Wrathful
  1153 | D:2      | Found an ancient bone altar of Kikubaaqudgha.
  1162 | D:2      | Reached XP level 5. HP: 41/47 MP: 4/4
  1338 | D:3      | Reached * piety under Trog
  1349 | D:3      | Reached XP level 6. HP: 46/53 MP: 5/5
  1451 | D:3      | Reached skill level 5 in Shields
  1487 | D:3      | Found an iron altar of Okawaru.
  1652 | D:3      | Reached skill level 5 in Fighting
  2050 | D:3      | Reached skill level 5 in Armour
  2271 | D:4      | Reached XP level 7. HP: 43/61 MP: 6/6
  2364 | D:4      | Found a shattered altar of Ashenzari.
  2396 | D:4      | Reached skill level 5 in Polearms
  2550 | D:4      | Found a stormy altar of Qazlal.
  2640 | D:4      | Noticed a water elemental
  2642 | D:4      | Noticed an air elemental
  2642 | D:4      | Noticed a fire elemental
  2651 | D:4      | Found a burning altar of Makhleb.
  2788 | D:4      | Reached skill level 1 in Stealth
  2809 | D:4      | Found Oczouc's Food Boutique.
  2899 | D:4      | Reached ** piety under Trog
  2952 | D:5      | Entered Level 5 of the Dungeon
  3148 | D:5      | Noticed Blork the orc
  3252 | D:5      | Reached XP level 8. HP: 70/70 MP: 7/7
  3889 | D:5      | Killed Blork the orc
  4097 | D:6      | Noticed Dowan
  4101 | D:6      | Noticed Duvessa
  4113 | D:6      | Killed Duvessa
  4115 | D:6      | Killed Dowan
  4218 | D:6      | Reached *** piety under Trog
  4447 | D:6      | Noticed Sigmund
  4475 | D:6      | Killed Sigmund
  4475 | D:6      | Reached skill level 1 in Short Blades
  4565 | D:6      | Found a white marble altar of Elyvilon.
  4567 | D:6      | Found a white marble altar of Elyvilon.
  4633 | D:6      | Reached XP level 9. HP: 78/78 MP: 8/8
  4858 | D:6      | You fall through a shaft!
  4946 | D:7      | Found a runed door.
  4950 | D:7      | Noticed Crazy Yiuf
  4959 | D:7      | Killed Crazy Yiuf
  5179 | D:7      | Found a flagged portal.
  5212 | Bailey   | Entered a bailey
  5292 | Bailey   | Noticed an orc knight
  5313 | Bailey   | Killed an orc knight
  5514 | Bailey   | Found an iron altar of Okawaru.
  5514 | Bailey   | Noticed a kobold demonologist
  5514 | Bailey   | Noticed an orc sorcerer
  5524 | Bailey   | Noticed a rust devil
  5526 | Bailey   | Killed an orc sorcerer
  5526 | Bailey   | Reached skill level 5 in Short Blades
  5532 | Bailey   | Noticed a sun demon
  5537 | Bailey   | Killed a kobold demonologist
  5930 | Bailey   | Noticed an orc knight
  5949 | Bailey   | Killed an orc knight
  5949 | Bailey   | Reached **** piety under Trog
  5949 | Bailey   | Reached skill level 1 in Evocations
  5949 | Bailey   | Reached XP level 10. HP: 38/86 MP: 9/9
  6441 | Bailey   | Got a bronze plate armour
  6454 | Bailey   | Identified the cursed +0 plate armour of Untold Secrets {rF+ MP+9 Int+6 Slay+2} (You found it in a bailey)
  7135 | D:6      | Found a staircase to the Ecumenical Temple.
  7323 | D:7      | Found a radiant altar of Vehumet.
  8092 | D:7      | Gained mutation: Your magical capacity is low. (-10% MP) [mutagenic meat]
  8093 | D:7      | Gained mutation: Your flesh is heat resistant. (rF+) [mutagenic meat]
  8094 | D:7      | Gained mutation: You occasionally shout uncontrollably at your foes. [mutagenic meat]
  8095 | D:7      | Gained mutation: You are robust. (+10% HP) [mutagenic meat]
  8419 | D:8      | Found a glowing golden altar of the Shining One.
  8423 | D:8      | Noticed Maurice
  8431 | D:8      | Killed Maurice
  8444 | D:8      | Gained mutation: You are partially covered in large bone plates. (SH +4) [mutagenic meat]
  8445 | D:8      | Gained mutation: Your mind is acute. (Int +2) [mutagenic meat]
  8932 | D:8      | Reached skill level 10 in Armour
  9144 | D:8      | Noticed Joseph
  9168 | D:8      | Killed Joseph
  9168 | D:8      | Reached skill level 10 in Shields
  9267 | D:8      | Reached ***** piety under Trog
  9535 | D:8      | Noticed Gastronok
  9568 | D:8      | Killed Gastronok
  9568 | D:8      | Reached XP level 11. HP: 68/104 MP: 9/9
 10670 | D:9      | Found a staircase to the Lair.
 11410 | D:10     | Entered Level 10 of the Dungeon
 11670 | D:10     | Found a shimmering altar of Xom.
 11717 | D:10     | Received a gift from Trog
 12258 | D:11     | Noticed juanjsm's ghost (journeyman SpEn)
 12385 | D:11     | Killed juanjsm's ghost
 12453 | D:11     | Found a blossoming altar of Fedhas.
 12468 | D:11     | Noticed a hill giant
 12489 | D:11     | Killed a hill giant
 12651 | D:11     | Reached XP level 12. HP: 90/116 MP: 10/10
 12929 | D:11     | Noticed Harold
 12959 | D:11     | Killed Harold
 13087 | D:11     | Reached skill level 10 in Fighting
 13168 | D:11     | Gained mutation: Your flesh is cold resistant. (rC+) [potion of mutation]
 13168 | D:11     | Lost mutation: Your mind is acute. (Int +2) [potion of mutation]
 13280 | D:11     | Reached skill level 10 in Short Blades
 13285 | D:11     | Gained mutation: Your spells are a little easier to cast, but a little less powerful. [mutagenic meat]
 13286 | D:11     | Gained mutation: You can translocate small distances at will. [mutagenic meat]
 13288 | D:11     | Gained mutation: You are very robust. (+20% HP) [mutagenic meat]
 13476 | D:11     | Gained mutation: Your mind is acute. (Int +2) [potion of beneficial mutation]
 13593 | D:11     | Reached ****** piety under Trog
 13674 | D:11     | Noticed Nergalle
 13692 | D:11     | Killed Nergalle
 13786 | Lair:1   | Entered Level 1 of the Lair of Beasts
 13811 | Lair:1   | Received a gift from Trog
 13872 | Lair:1   | Noticed a seven-headed hydra
 13881 | Lair:1   | Killed a seven-headed hydra
 13881 | Lair:1   | Reached skill level 1 in Maces & Flails
 14372 | Lair:1   | Noticed a death yak
 14373 | Lair:1   | Noticed a death yak
 14373 | Lair:1   | Noticed a death yak
 14401 | Lair:1   | Killed a death yak
 14414 | Lair:1   | Noticed a death yak
 14414 | Lair:1   | Noticed a death yak
 14414 | Lair:1   | Noticed a death yak
 14438 | Lair:1   | Killed a death yak
 14446 | Lair:1   | Killed a death yak
 14446 | Lair:1   | Reached skill level 5 in Maces & Flails
 14457 | Lair:1   | Killed a death yak
 14470 | Lair:1   | Killed a death yak
 14480 | Lair:1   | Killed a death yak
 14913 | Lair:1   | Noticed snowfan's ghost (novice DEWz)
 14935 | Lair:1   | Killed snowfan's ghost
 14935 | Lair:1   | Reached XP level 13. HP: 116/136 MP: 11/11
 15922 | Lair:2   | Found a staircase to the Shoals.
 17315 | Lair:4   | Found a sacrificial altar of Ru.
 17439 | Lair:4   | Found a staircase to the Snake Pit.
 17667 | Lair:4   | Reached skill level 10 in Maces & Flails
 17733 | Lair:4   | Received a gift from Trog
 18441 | Lair:4   | Lost mutation: Your magical capacity is low. (-10% MP) [potion of cure mutation]
 18441 | Lair:4   | Lost mutation: Your spells are a little easier to cast, but a little less powerful. [potion of cure mutation]
 18441 | Lair:4   | Lost mutation: You are partially covered in large bone plates. (SH +4) [potion of cure mutation]
 18441 | Lair:4   | Lost mutation: You occasionally shout uncontrollably at your foes. [potion of cure mutation]
 18441 | Lair:4   | Lost mutation: Your flesh is cold resistant. (rC+) [potion of cure mutation]
 18444 | Lair:4   | HP: 6/139 [acid (12)]
 19832 | Lair:5   | Found a staircase to the Slime Pits.
 20442 | Lair:6   | Entered Level 6 of the Lair of Beasts
 20659 | Lair:6   | Reached skill level 5 in Dodging
 20663 | Lair:6   | Reached XP level 14. HP: 104/148 MP: 13/13
 20867 | Lair:6   | Reached skill level 15 in Shields
 20870 | Lair:6   | Received a gift from Trog
 21202 | Lair:6   | Got a warped short sword
 21203 | Lair:6   | Identified the cursed +1 short sword of Gloom {freeze, Str-4 Int+3 SInv} (You found it on level 6 of the Lair of Beasts)
 22516 | Lair:6   | Paralysed by a hornet for 1 turns
 22521 | Lair:6   | Received a gift from Trog
 23076 | D:12     | Found a staircase to the Orcish Mines.
 23473 | D:12     | Noticed Rupert
 23485 | D:12     | Killed Rupert
 23571 | D:12     | Paralysed by a hornet for 1 turns
 24315 | D:13     | Received a gift from Trog
 24439 | D:13     | Found a gate to the Vaults.
 24789 | D:13     | Gained mutation: You are partially covered in yellow scales. (AC +2) [mutagenic meat]
 24790 | D:13     | Gained mutation: You are surrounded by a mild repulsion field. (EV +2) [mutagenic meat]
 24791 | D:13     | Gained mutation: Your mind is very acute. (Int +4) [mutagenic meat]
 24879 | Orc:1    | Entered Level 1 of the Orcish Mines
 24907 | Orc:1    | Reached XP level 15. HP: 157/162 MP: 14/14
 25009 | Orc:1    | Found Jaawoc's Antique Armour Boutique.
 25043 | Orc:1    | Bought a dazzling cloak for 228 gold pieces
 25053 | Orc:1    | Identified the +2 cloak "Umiukk" {rPois Int+8} (You bought it in a shop on level 1 of the Orcish Mines)
 25403 | Orc:2    | Entered Level 2 of the Orcish Mines
 25579 | Orc:2    | Found a staircase to the Elven Halls.
 25643 | Orc:2    | Received a gift from Trog
 25761 | Orc:2    | Noticed an orc warlord
 25870 | Orc:2    | Killed an orc warlord
 26088 | Orc:2    | Found Seoha's General Store.
 26096 | Orc:2    | Bought a scroll of identify for 24 gold pieces
 26113 | Orc:2    | Paralysed by an orc sorcerer for 7 turns
 26219 | Orc:2    | Paralysed by an orc sorcerer for 3 turns
 26983 | Orc:2    | Found Arghalar's Jewellery Shoppe.
 27057 | Orc:2    | Found Avosusef's Antique Armour Shop.
 27065 | Orc:2    | Bought a pair of heavily runed gloves for 256 gold pieces
 27075 | Orc:2    | Identified the +1 pair of gloves of Luaho Xyoli {Dex+7} (You bought it in a shop on level 2 of the Orcish Mines)
 27114 | Orc:2    | Found Qatwep's Antique Weapon Emporium.
 27232 | Orc:2    | Bought a jewelled cloak for 256 gold pieces
 27243 | Orc:2    | Identified the +1 cloak of the Arcane {+Blink rPois Str+2 Int+2} (You bought it in a shop on level 2 of the Orcish Mines)
 27818 | D:14     | Received a gift from Trog
 28073 | D:14     | Got a bloodstained spear
 28074 | D:14     | Identified the +7 spear "Cegg" {protect, *Corrode rPois SInv Stlth+} (You found it on level 14 of the Dungeon)
 28196 | D:15     | Entered Level 15 of the Dungeon
 28356 | D:15     | Got a shimmering mace
 28357 | D:15     | Identified the +4 mace "Tyq Lix" {flame, rElec Int+4} (You found it on level 15 of the Dungeon)
 28451 | D:15     | Found a staircase to the Depths.
 28455 | D:15     | Reached skill level 15 in Maces & Flails
 29595 | Shoals:1 | Entered Level 1 of the Shoals
 29603 | Shoals:1 | Noticed Roxanne
 29636 | Shoals:1 | Noticed Nikola
 29636 | Shoals:1 | Killed from afar by Nikola

Skill      XL: |  1  2  3  4  5  6  7  8  9 10 11 12 13 14 15 |
---------------+----------------------------------------------+-----
Fighting       | 4 5 6 7 8 9 10 11 13 14 | 14.3
Shields        | 4 5 6 8 10 12 13 14 15 | 15.0
Armour         | 4 5 7 8 10 11 12 13 14 | 14.3
Dodging        | 1 2 3 4 5 |  5.2
Polearms       | 2 3 4 6 7 |  7.9
Stealth        | 1 |  1.0
Short Blades   | 1 5 8 9 10 12 | 12.4
Evocations     | 1 |  1.0
Maces & Flails | 7 11 14 15 | 15.2
Axes           | |  2.5

Action                   |  1- 3 |  4- 6 |  7- 9 | 10-12 | 13-15 || total
-------------------------+-------+-------+-------+-------+-------++-------
Melee: War axe           |    37 |       |       |       |       ||    37
       Headbutt          |     9 |    14 |    79 |   231 |   455 ||   788
       Spear             |    22 |   152 |   166 |       |       ||   340
       Short sword       |       |       |   231 |   872 |       ||  1103
       Eveningstar       |       |       |       |   109 |  1034 ||  1143
       Rapier            |       |       |       |       |   622 ||   622
 Fire: Hunting sling     |       |       |       |    82 |    71 ||   153
Throw: Tomahawk          |       |       |       |     4 |       ||     4
Invok: Burn Spellbooks   |       |       |       |     1 |       ||     1
Evoke: Wand              |       |       |     6 |     1 |     2 ||     9
  Use: Scroll            |       |       |    12 |     8 |    15 ||    35
       Potion            |       |       |     1 |     2 |     4 ||     7
 Stab: Paralysed         |       |       |     1 |     1 |       ||     2
       Petrified         |       |       |       |       |     2 ||     2
       Confused          |       |       |       |       |     1 ||     1
  Eat: Chunk             |       |     4 |    13 |    27 |    34 ||    78
       Bread ration      |       |       |       |     2 |     1 ||     3
       Pizza             |       |       |       |     4 |     3 ||     7
       Meat ration       |       |       |       |       |     1 ||     1
Armor: Scale mail        |    23 |    25 |       |       |       ||    48
       Ring mail         |       |    21 |    28 |       |       ||    49
       Chain mail        |       |       |    60 |       |       ||    60
       Plate armour      |       |       |     2 |   291 |   542 ||   835
Dodge: Dodged            |    20 |    48 |    99 |   205 |   496 ||   868
Block: Shield            |    30 |    60 |   174 |   690 |  1140 ||  2094
